AoeStats
← Lt_Reingebuttert

Arabia

508273774Analyzed
2v2 RM · 11d ago on Sep 21, 2026· 37m 19s· 4 players
Game mode
Random Map
Map size
Medium (4 player)
Population
200
Speed
Normal
Resources
Standard
Victory
Conquest
Starting age
Dark Age
Ending age
Imperial Age
RankedLock teamsTeams togetherTeam positionsShared explorationLock speedFull tech treeHidden civsTurbo modeCheats
Victory
Defeat
🇫🇷 Tatars · France
804
+15
🇫🇷 Armenians · France
802
+15
🇩🇪 Khmer · Germany
807
-16
🇩🇪 Magyars · Germany
765
-14
Lt_Reingebuttert
11:04 Feudal Age
13:22 Double-Bit Axe
19:52 Castle Age
19:34 Horse Collar
19:57 Gold Mining
20:01 Stone Mining
25:46 Scale Barding Armor
25:54 Forging
28:34 Crossbowman
33:36 Pikeman
34:26 Husbandry
36:18 Bow Saw
36:42 Scale Mail Armor
Prinz_Butterbirne1312
13:50 Feudal Age
20:50 Double-Bit Axe
23:48 Castle Age
22:13 Horse Collar
22:42 Scale Mail Armor
27:27 Pikeman
28:52 Gold Mining
29:45 Husbandry
30:06 Scale Barding Armor
Fauston
11:56 Feudal Age
13:30 Double-Bit Axe
13:35 Horse Collar
18:46 Castle Age
17:26 Man-at-Arms
17:30 Pikeman
17:56 Arson
20:20 Forging
20:11 Scale Mail Armor
20:13 Padded Archer Armor
20:07 Fletching
20:52 Squires
28:04 Bodkin Arrow
28:48 Iron Casting
29:03 Gambesons
35:20 Halberdier
36:00 Man-at-Arms
36:48 Long Swordsman
Alex
10:40 Feudal Age
11:45 Horse Collar
12:00 Double-Bit Axe
13:17 Loom
18:58 Castle Age
19:40 Fletching
19:51 Padded Archer Armor
22:49 Heavy Plow
23:02 Bow Saw
25:16 Bodkin Arrow
25:37 Leather Archer Armor
27:37 Ballistics
Connection lost

Rejoining the realm…

Still unreachable

The connection could not be restored.

Session expired

The server has moved on; the page needs a fresh start.